IL
INDIANAPOLIS INDIANS @ LEHIGH VALLEY IRONPIGS
06/28/2024
 
TOP OF THE 1ST
Indianapolis Indians batting - Pitching for Lehigh Valley IronPigs : LHP Matt Johnson
Pitching: LHP Matt Johnson
Batting: RHB Nick Senzel 0-0: Ball
1-0: Ball
2-0: Foul Ball, location: 3F
2-1: Foul Ball, location: 23F
2-2: Ball
3-2: Foul Ball, location: 5SF
3-2: Ground out 4-3 (Groundball, 4, EV 81.9 MPH)
Batting: LHB Leith Wentzell 0-0: Ball
1-0: Ball
2-0: Ball
3-0: Called Strike
3-1: Called Strike
3-2: Base on Balls
Batting: LHB Will Robertson 0-0: Ball
1-0: Ball
2-0: Called Strike
2-1: DOUBLE (Flyball, 8LXD, EV 104.4 MPH)
Leith Wentzell to third
Batting: SHB Aaron Sabato 0-0: Ball
1-0: Swinging Strike
1-1: Swinging Strike
1-2: Ball
2-2: Strikes out swinging
Batting: RHB Gee Scott Jr. 0-0: Ball
1-0: Ball
2-0: Swinging Strike
2-1: Ball
3-1: Swinging Strike
3-2: Foul Ball, location: 2F
3-2: Strikes out swinging
Top of the 1st over - 0 runs, 1 hit, 0 errors, 2 left on base; Indianapolis 0 - Lehigh Valley 0
BOTTOM OF THE 1ST
Lehigh Valley IronPigs batting - Pitching for Indianapolis Indians : LHP Andrew Abbott
Pitching: LHP Andrew Abbott
Batting: LHB Andy Isabella 0-0: Called Strike
0-1: Ball
1-1: Foul Ball, location: 7LMF
1-2: Ground out 4-3 (Groundball, 4, EV 83.8 MPH)
Batting: RHB Xander Bogaerts 0-0: Called Strike
0-1: Ball
1-1: DOUBLE (Line Drive, 89D, EV 104.4 MPH)
Batting: LHB Garrett Schlecht 0-0: Foul Ball, location: 9LMF
0-1: Ball
1-1: Called Strike
1-2: Foul Ball, location: 9LSFF
1-2: Ground out 4-3 (Groundball, 4S, EV 69.4 MPH)
Xander Bogaerts to third
Batting: RHB Allen Curran 0-0: Foul Ball, location: 9LDF
0-1: Foul Ball, location: 9LDF
0-2: Ball
Wild Pitch!
Xander Bogaerts scores
1-2: Fly out, F8 (Flyball, 8RXD, EV 93.8 MPH)
Bottom of the 1st over - 1 run, 1 hit, 0 errors, 0 left on base; Indianapolis 0 - Lehigh Valley 1
TOP OF THE 2ND
Indianapolis Indians batting - Pitching for Lehigh Valley IronPigs : LHP Matt Johnson
Batting: LHB David Moyne 0-0: Ball
1-0: Ground out 1-3 (Groundball, 13S, EV 68.1 MPH)
Batting: RHB Joseph Austin 0-0: Ball
1-0: Called Strike
1-1: Swinging Strike
1-2: Ball
2-2: Ball
3-2: Foul Ball, location: 5SF
3-2: Base on Balls
Batting: RHB Casey Martin 0-0: Called Strike
0-1: SINGLE (Line Drive, 6MD, EV 98.8 MPH)
Joseph Austin to second
Batting: RHB Juan Aparicio 0-0: Ball
1-0: Foul Ball, location: 5F
1-1: Swinging Strike
1-2: Ball
2-2: Foul Ball, location: 2F
2-2: Ball
3-2: Strikes out swinging
Batting: RHB Nick Senzel 0-0: Foul Ball, location: 5FF
0-1: Ball
1-1: SINGLE (Groundball, 56S, EV 68.8 MPH) (infield hit)
Joseph Austin to third
Casey Martin to second
Batting: LHB Leith Wentzell 0-0: Fly out, F8 (Line Drive, 8RM, EV 91.9 MPH)
Top of the 2nd over - 0 runs, 2 hits, 0 errors, 3 left on base; Indianapolis 0 - Lehigh Valley 1
BOTTOM OF THE 2ND
Lehigh Valley IronPigs batting - Pitching for Indianapolis Indians : LHP Andrew Abbott
Batting: RHB Rodney Daal 0-0: Ball
1-0: Ball
2-0: Ball
3-0: Base on Balls
Batting: RHB Luis Serrano 0-0: Ball
1-0: Ball
Rodney Daal is caught stealing 2nd base 2-4
2-0: Ball
3-0: Called Strike
3-1: Foul Ball, location: 23FF
3-2: Strikes out swinging
Batting: RHB Jawuan Harris 0-0: Foul Ball, location: 7LMF
0-1: Ball
1-1: SINGLE (Groundball, 34D, EV 101.9 MPH)
Batting: LHB Tomás Arteaga 0-0: Swinging Strike
0-1: Ball
1-1: Ball
2-1: Ball
3-1: Fielders Choice at 2nd, U4 (Groundball, 4M, EV 85.6 MPH)
Bottom of the 2nd over - 0 runs, 1 hit, 0 errors, 1 left on base; Indianapolis 0 - Lehigh Valley 1
TOP OF THE 3RD
Indianapolis Indians batting - Pitching for Lehigh Valley IronPigs : LHP Matt Johnson
Batting: LHB Will Robertson 0-0: Called Strike
0-1: Ball
1-1: Foul Ball, location: 2F
1-2: Ball
2-2: Ball
3-2: Foul Ball, location: 2F
3-2: Base on Balls
Batting: SHB Aaron Sabato 0-0: Ball
1-0: Foul Ball, location: 7LMF
1-1: Ball
2-1: Foul Ball, location: 7LMF
2-2: Strikes out looking
Batting: RHB Gee Scott Jr. 0-0: Called Strike
0-1: Called Strike
0-2: Strikes out looking
Batting: LHB David Moyne 0-0: Called Strike
0-1: Called Strike
0-2: Fly out, F7 (Flyball, 78M, EV 80.6 MPH)
Top of the 3rd over - 0 runs, 0 hits, 0 errors, 1 left on base; Indianapolis 0 - Lehigh Valley 1
BOTTOM OF THE 3RD
Lehigh Valley IronPigs batting - Pitching for Indianapolis Indians : LHP Andrew Abbott
Batting: LHB Myles Christian 0-0: Called Strike
0-1: SINGLE (Line Drive, 9S, EV 90.6 MPH)
Batting: LHB Andy Isabella 0-0: Bunted foul
0-1: Ball
1-1: Sac Bunt to 2R - play at first, batter OUT! 2-3
Myles Christian to second
Batting: RHB Xander Bogaerts 0-0: Ball
1-0: Ball
Myles Christian steals 3rd base
2-0: Ball
3-0: Called Strike
3-1: Swinging Strike
3-2: Foul Ball, location: 9LMF
3-2: Base on Balls
Batting: LHB Garrett Schlecht 0-0: Ball
1-0: Fly out, F8 (Line Drive, 8LM, EV 88.1 MPH)
Runner from 3rd tags up, SCORES, throw by CF
Batting: RHB Allen Curran 0-0: Ball
1-0: Ball
2-0: Called Strike
2-1: Swinging Strike
2-2: Fly out, F9 (Flyball, 9LM, EV 98.8 MPH)
Bottom of the 3rd over - 1 run, 1 hit, 0 errors, 1 left on base; Indianapolis 0 - Lehigh Valley 2
TOP OF THE 4TH
Indianapolis Indians batting - Pitching for Lehigh Valley IronPigs : LHP Matt Johnson
Batting: RHB Joseph Austin 0-0: Fly out, F8 (Flyball, 8LM, EV 88.1 MPH)
Batting: RHB Casey Martin 0-0: Called Strike
0-1: Ball
1-1: Foul Ball, location: 2F
1-2: Foul Ball, location: 25F
1-2: Ball
2-2: Strikes out swinging
Batting: RHB Juan Aparicio 0-0: Called Strike
0-1: Ball
1-1: SINGLE (Line Drive, 6M, EV 99.4 MPH)
Batting: RHB Nick Senzel 0-0: Called Strike
0-1: Ball
1-1: Swinging Strike
1-2: Foul Ball, location: 2F
1-2: Ball
2-2: Strikes out swinging
Top of the 4th over - 0 runs, 1 hit, 0 errors, 1 left on base; Indianapolis 0 - Lehigh Valley 2
BOTTOM OF THE 4TH
Lehigh Valley IronPigs batting - Pitching for Indianapolis Indians : LHP Andrew Abbott
Batting: RHB Rodney Daal 0-0: Called Strike
0-1: Swinging Strike
0-2: Ball
1-2: Ball
2-2: Ball
3-2: Foul Ball, location: 9LDF
3-2: Foul Ball, location: 9LMF
3-2: Strikes out swinging
Batting: RHB Luis Serrano 0-0: Called Strike
0-1: Ground out 6-3 (Groundball, 6, EV 87.5 MPH)
Batting: RHB Jawuan Harris 0-0: Ball
1-0: Ball
2-0: Swinging Strike
2-1: Ball
3-1: Base on Balls
Batting: LHB Tomás Arteaga 0-0: Called Strike
Jawuan Harris steals 2nd base
0-1: Foul Ball, location: 9LSFF
0-2: Ball
Wild Pitch!
Jawuan Harris to third
1-2: Ball
2-2: Fly out, F8 (Flyball, 8RXD, EV 87.5 MPH)
Bottom of the 4th over - 0 runs, 0 hits, 0 errors, 1 left on base; Indianapolis 0 - Lehigh Valley 2
TOP OF THE 5TH
Indianapolis Indians batting - Pitching for Lehigh Valley IronPigs : LHP Matt Johnson
Batting: LHB Leith Wentzell 0-0: Called Strike
0-1: Ball
1-1: Ball
2-1: Foul Ball, location: 2F
2-2: Ball
3-2: Base on Balls
Pitching: RHP Alonso Sánchez
Batting: LHB Will Robertson 0-0: Ball
1-0: Ball
2-0: Foul Ball, location: 2F
2-1: Fly out, F7 (Flyball, 7LM, EV 93.8 MPH)
Batting: SHB Aaron Sabato 0-0: Ball
1-0: Ball
2-0: Called Strike
2-1: Swinging Strike
2-2: SINGLE (Flyball, 8LS, EV 96.3 MPH)
Leith Wentzell to second
Batting: RHB Gee Scott Jr. 0-0: Ball
1-0: Called Strike
1-1: Swinging Strike
1-2: 3-RUN HOME RUN (Flyball, 7D, EV 98.8 MPH), Distance : 395 ft
Batting: LHB David Moyne 0-0: Called Strike
0-1: Ball
1-1: Swinging Strike
1-2: Strikes out swinging
Batting: RHB Joseph Austin 0-0: Ball
1-0: Ball
2-0: Called Strike
2-1: Fly out, F7 (Flyball, 78S, EV 88.1 MPH)
Top of the 5th over - 3 runs, 2 hits, 0 errors, 0 left on base; Indianapolis 3 - Lehigh Valley 2
BOTTOM OF THE 5TH
Lehigh Valley IronPigs batting - Pitching for Indianapolis Indians : LHP Andrew Abbott
Batting: LHB Myles Christian 0-0: Called Strike
0-1: Foul Ball, location: 2F
0-2: Ball
1-2: Fly out, F9 (Flyball, 9, EV 88.8 MPH)
Batting: LHB Andy Isabella 0-0: Ball
1-0: Ball
2-0: Ball
3-0: Called Strike
3-1: Ground out 4-3 (Groundball, 4, EV 88.8 MPH)
Batting: RHB Xander Bogaerts 0-0: Ground out 6-3 (Groundball, 6S, EV 71.9 MPH)
Bottom of the 5th over - 0 runs, 0 hits, 0 errors, 0 left on base; Indianapolis 3 - Lehigh Valley 2
TOP OF THE 6TH
Indianapolis Indians batting - Pitching for Lehigh Valley IronPigs : RHP Alonso Sánchez
Batting: RHB Casey Martin 0-0: Called Strike
0-1: Ball
1-1: Swinging Strike
1-2: Foul Ball, location: 25F
1-2: Strikes out swinging
Batting: RHB Juan Aparicio 0-0: Ball
1-0: Ball
2-0: Called Strike
2-1: Foul Ball, location: 3FF
2-2: Strikes out looking
Batting: RHB Nick Senzel 0-0: Ball
1-0: Called Strike
1-1: Swinging Strike
1-2: Ball
2-2: Ball
3-2: Strikes out swinging
Top of the 6th over - 0 runs, 0 hits, 0 errors, 0 left on base; Indianapolis 3 - Lehigh Valley 2
BOTTOM OF THE 6TH
Lehigh Valley IronPigs batting - Pitching for Indianapolis Indians : LHP Andrew Abbott
Batting: LHB Garrett Schlecht 0-0: Ball
1-0: SINGLE (Flyball, 56D, EV 96.9 MPH) - OUT at second base trying to stretch hit.
Batting: RHB Allen Curran 0-0: Ball
1-0: Called Strike
1-1: Called Strike
1-2: Ball
2-2: Ground out 6-3 (Groundball, 4MS, EV 81.3 MPH)
Batting: RHB Rodney Daal 0-0: Swinging Strike
0-1: Ball
1-1: Fly out, F8 (Flyball, 8RXD, EV 107.5 MPH)
Bottom of the 6th over - 0 runs, 1 hit, 0 errors, 0 left on base; Indianapolis 3 - Lehigh Valley 2
TOP OF THE 7TH
Indianapolis Indians batting - Pitching for Lehigh Valley IronPigs : RHP Alonso Sánchez
Batting: LHB Leith Wentzell 0-0: SOLO HOME RUN (Flyball, 9LD, EV 90.6 MPH), Distance : 350 ft
Pitching: LHP Fred Brown
Batting: LHB Will Robertson 0-0: Called Strike
0-1: Ball
1-1: Ball
2-1: Ball
3-1: Foul Ball, location: 2F
3-2: Strikes out swinging
Batting: SHB Aaron Sabato 0-0: Foul Ball, location: 2F
0-1: Foul Ball, location: 9LMF
0-2: Ball
1-2: Foul Ball, location: 9LMF
1-2: Ball
2-2: Foul Ball, location: 5F
2-2: Hit by Pitch
Batting: RHB Gee Scott Jr. 0-0: Grounds into double play, 5-4-3 (Groundball, 5, EV 103.8 MPH)
Top of the 7th over - 1 run, 1 hit, 0 errors, 0 left on base; Indianapolis 4 - Lehigh Valley 2
BOTTOM OF THE 7TH
Lehigh Valley IronPigs batting - Pitching for Indianapolis Indians : LHP Andrew Abbott
Pitching: RHP Scotty Gilkey
Batting: RHB Luis Serrano 0-0: Foul Ball, location: 2F
0-1: Ball
1-1: Called Strike
1-2: Ground out 6-3 (Groundball, 56, EV 78.1 MPH)
Batting: RHB Jawuan Harris 0-0: Ball
1-0: Called Strike
1-1: Ball
2-1: Foul Ball, location: 2F
2-2: Ball
3-2: Hit by Pitch
Batting: LHB Tomás Arteaga 0-0: Foul Ball, location: 2F
0-1: Ball
1-1: Ball
2-1: Foul Ball, location: 25FF
2-2: Ball
3-2: Foul Ball, location: 5SF
3-2: SINGLE (Groundball, 5D, EV 99.4 MPH)
Jawuan Harris to second
Jawuan Harris to third
Batting: LHB Myles Christian 0-0: Foul Ball, location: 2F
0-1: Swinging Strike
0-2: Ball
1-2: Ball
2-2: Ball
3-2: Strikes out swinging
Batting: LHB Andy Isabella 0-0: Ball
1-0: Swinging Strike
1-1: Swinging Strike
1-2: Strikes out looking
Bottom of the 7th over - 0 runs, 1 hit, 0 errors, 2 left on base; Indianapolis 4 - Lehigh Valley 2
TOP OF THE 8TH
Indianapolis Indians batting - Pitching for Lehigh Valley IronPigs : LHP Fred Brown
Batting: LHB David Moyne 0-0: Called Strike
0-1: Ball
1-1: Called Strike
1-2: Ball
2-2: Ground out U3 (Groundball, 3, EV 103.8 MPH)
Batting: RHB Joseph Austin 0-0: Swinging Strike
0-1: Fly out, F8 (Flyball, 8RD, EV 89.4 MPH)
Batting: RHB Casey Martin 0-0: Ball
1-0: Foul Ball, location: 9LMF
1-1: Ball
2-1: Ball
3-1: Base on Balls
Batting: RHB Juan Aparicio 0-0: Ball
1-0: Ball
2-0: Ball
3-0: Base on Balls
Casey Martin to second
Batting: RHB Nick Senzel 0-0: Ball
1-0: Ball
2-0: Ball
3-0: Called Strike
3-1: Called Strike
3-2: Ground out 6-3 (Groundball, 6, EV 109.4 MPH)
Top of the 8th over - 0 runs, 0 hits, 0 errors, 2 left on base; Indianapolis 4 - Lehigh Valley 2
BOTTOM OF THE 8TH
Lehigh Valley IronPigs batting - Pitching for Indianapolis Indians : RHP Scotty Gilkey
Pitching: RHP Cade Cavalli
Batting: RHB Xander Bogaerts 0-0: Ball
1-0: DOUBLE (Line Drive, 89XD, EV 106.3 MPH)
Batting: LHB Garrett Schlecht 0-0: Called Strike
0-1: Foul Ball, location: 5F
0-2: Ball
1-2: Strikes out swinging
Pinch Hitting: LHB Joe Naranjo 0-0: Swinging Strike
0-1: DOUBLE (Line Drive, 7LD, EV 96.9 MPH)
Xander Bogaerts scores
Batting: RHB Rodney Daal 0-0: Ground out 5-3 (Groundball, 56, EV 80.0 MPH)
Batting: RHB Luis Serrano 0-0: Called Strike
0-1: Foul Ball, location: 5F
0-2: Fly out, F8 (Flyball, 78M, EV 93.8 MPH)
Bottom of the 8th over - 1 run, 2 hits, 0 errors, 1 left on base; Indianapolis 4 - Lehigh Valley 3
TOP OF THE 9TH
Indianapolis Indians batting - Pitching for Lehigh Valley IronPigs : LHP Fred Brown
Now at 2B: Francisco Martínez
Batting: LHB Leith Wentzell 0-0: Ball
1-0: Called Strike
1-1: Swinging Strike
1-2: Ball
2-2: Fly out, F8 (Flyball, 8RD, EV 96.3 MPH)
Batting: LHB Will Robertson 0-0: Ball
1-0: Ball
2-0: Fly out, F8 (Flyball, 8LM, EV 97.5 MPH)
Batting: SHB Aaron Sabato 0-0: Fly out, F6 (Line Drive, 6M, EV 61.3 MPH)
Top of the 9th over - 0 runs, 0 hits, 0 errors, 0 left on base; Indianapolis 4 - Lehigh Valley 3
BOTTOM OF THE 9TH
Lehigh Valley IronPigs batting - Pitching for Indianapolis Indians : RHP Cade Cavalli
Batting: RHB Jawuan Harris 0-0: SINGLE (Groundball, 34D, EV 95.0 MPH)
Batting: LHB Tomás Arteaga 0-0: Called Strike
0-1: Ball
1-1: Swinging Strike
1-2: Ball
2-2: Strikes out swinging
Batting: LHB Myles Christian 0-0: Ball
1-0: Called Strike
1-1: Fly out, F7 (Flyball, 7LM, EV 100.6 MPH)
Batting: LHB Andy Isabella 0-0: Called Strike
0-1: Called Strike
0-2: Strikes out swinging
Bottom of the 9th over - 0 runs, 1 hit, 0 errors, 1 left on base; Indianapolis 4 - Lehigh Valley 3
Sunday, July 7th , 2024 - OOTP Baseball 24.11 Build 85